 Dungeon Crawl Stone Soup version 0.32-a0-953-g508020473e (webtiles) character file.

Game seed: 4777590530063142233

777 Autsider the Sneak (level 7, -8/36 HPs)
             Began as a Vine Stalker Gladiator on Apr 16, 2024.
             Killed by divine providence
             ... invoked by an orc priest
              (11 damage)
             ... on level 4 of the Dungeon.
             The game lasted 00:06:59 (2792 turns).

Autsider the Sneak (Vine Stalker Gladiator)         Turns: 2792, Time: 00:07:00

Health: -8/36      AC:  6    Str: 16    XL:     7   Next: 84%
Magic:  0/8        EV: 12    Int:  8    God:
Gold:   285        SH:  0    Dex: 18    Spells: 6/6 levels left

rFire   . . .        a - +0 rapier
rCold   . . .        (no shield)
rNeg    . . .        b - +0 leather armour
rPois   .            c - +0 helmet
rElec   .            t - +0 cloak
rCorr   .            (no gloves)
SInv    .            u - +0 pair of boots
Will    +....        (no amulet)
Stlth   +++          o - ring of willpower
HPRegen 1.06/turn    (no ring)
MPRegen 0.11/turn

%: guardian spirit
@: no status effects
A: fangs 2, regeneration 1, magic shield, antimagic bite, no potion heal 2
a: Convert to Beogh


You were on level 4 of the Dungeon.
You visited 1 branch of the dungeon, and saw 4 of its levels.
You also visited: Sewer.

You collected 285 gold pieces.

Inventory:

Hand Weapons
 a - a +0 rapier (weapon)
 k - a +2 dagger of draining
 v - a +1 hand cannon of draining
Missiles
 d - 3 throwing nets (quivered)
 e - 7 javelins
 f - 20 poisoned darts
 q - 3 atropa-tipped darts
Armour
 b - a +0 leather armour (worn)
 c - a +0 helmet (worn)
 t - a +0 cloak (worn)
 u - a +0 pair of boots (worn)
Jewellery
 o - a ring of willpower (left hand)
Wands
 s - a wand of flame (22)
Scrolls
 h - a scroll of revelation
 i - 3 scrolls of identify {unknown}
 l - 2 scrolls of noise {unknown}
 r - a scroll of enchant weapon {unknown}
 w - a scroll of fog {unknown}
 y - a scroll of teleportation {unknown}
 z - a scroll of poison {unknown}
 A - a scroll of fear {unknown}
Potions
 g - a potion of brilliance {unknown}
 j - a potion of ambrosia {unknown}
 m - a potion of haste {unknown}
 n - a potion of magic {unknown}
 p - a potion of might {unknown}
 x - a potion of berserk rage
 B - 2 potions of lignification {unknown}
 C - 2 potions of heal wounds {unknown}


   Skills:
 + Level 3.6 Fighting
 + Level 4.3 Short Blades
 + Level 3.6 Throwing
 + Level 4.1 Dodging
 + Level 4.8 Stealth


You had 6 spell levels left.
You didn't know any spells.
Your spell library contained the following spells:

 Spells                   Type           Power      Damage    Failure   Level
 Apportation              Tloc           0%         N/A       47%         1
 Necrotise                Necr           0%         1d4       47%         1
 Sting                    Conj/Alch      0%         1d3       47%         1
 Summon Small Mammal      Summ           0%         N/A       47%         1


Dungeon Overview and Level Annotations

Branches:
Dungeon (4/15)              Sewer (visited)
 Temple: D:4-7

Altars:

Shops:
D:4 [


Innate Abilities, Weirdness & Mutations

You have extremely sharp teeth.
Your natural rate of healing is unusually fast.
When hurt, damage is shared between your health and your magic reserves.
Your bite disrupts and absorbs the magic of your enemies.
Potions cannot restore your health.


Message History

The orc priest hits you but does no damage.
A gnoll comes into view. It is wielding a +0 spear.
The gnoll hits you but does no damage.
The gnoll shouts!
You hit the orc priest but do no damage.
The orc priest shouts, "The Pantheon deserves no one's loyalty.
Let us show you the true path!"
The orc priest is almost dead.
The orc priest closely misses you. The gnoll completely misses you.
You closely miss the orc priest.
The orc priest is almost dead.
The orc priest misses you.
The gnoll hits you from afar with a +0 spear.
* * * LOW HITPOINT WARNING * * *
You completely miss the orc priest. You bite the orc priest.
You drain its power.
You feel invigorated.
The orc priest is almost dead.
The orc priest hits you with a +0 club.
* * * LOW HITPOINT WARNING * * *
The gnoll hits you from afar with a +0 spear.
* * * LOW HITPOINT WARNING * * *
You hit the orc priest but do no damage.
You bite the orc priest, but do no damage.
The orc priest is almost dead.
The gnoll misses you. The orc priest hits you with a +0 club.
The gnoll hits you from afar with a +0 spear.
* * * LOW HITPOINT WARNING * * *
You hit the orc priest but do no damage.
The orc priest is almost dead.
The gnoll hits you from afar with a +0 halberd!
* * * LOW HITPOINT WARNING * * *
The orc priest mumbles some strange prayers to Beogh against you.
Beogh smites you!
* * * LOW HITPOINT WARNING * * *
The gnoll misses you.
The orc priest attacks as it pursues you!
The orc priest barely misses you. The gnoll attacks as it pursues you!
The gnoll hits you but does no damage.
The orc priest calls down the wrath of Beogh upon you.
Beogh smites you!
You die...

.#...................
.......(............
.#.................
.....#............
..#..#........... .......##
#...gg# ##.#..†## .# #o# ###
##......###.# #.####....
.###........# #.@....#
..##...)#..####...####
.............)....#
...#..............##
.........[.........# ########
..#................# #.......
#......>..(........#######.......
###...............†.....##.......
.................................


You could see an orc priest and 2 gnolls.

Vanquished Creatures
  Sigmund (D:3)
  A black bear (D:4)
  A crocodile (Sewer)
  An ogre (D:4)
  A brain worm (Sewer)
  2 jellies (D:4)
  An orc priest (D:4)
  A hound (D:4)
  2 iguanas (D:4)
  3 adders
  4 ribbon worms
  2 dart slugs (D:2)
  6 orcs
  5 ball pythons
  11 bats
  4 endoplasms
  6 giant cockroaches
  6 goblins
  6 hobgoblins
  2 jackals (D:4)
  9 kobolds
  2 quokkas
  3 frilled lizards
  4 rats
84 creatures vanquished.

Notes
Turn   | Place    | Note
-------+----------+-------------------------------------------
     0 | D:1      | Autsider the Vine Stalker Gladiator began the quest for the
                  | Orb.
     0 | D:1      | Reached XP level 1. HP: 11/11 MP: 2/2
   258 | D:1      | Reached XP level 2. HP: 15/15 MP: 3/3
   393 | D:1      | Reached skill level 1 in Stealth
   932 | D:2      | Reached XP level 3. HP: 17/17 MP: 4/4
  1896 | D:3      | Found a glowing drain.
  1903 | D:3      | Reached XP level 4. HP: 23/23 MP: 3/5
  1941 | Sewer    | Entered a sewer
  1962 | Sewer    | Noticed a brain worm
  1974 | Sewer    | Killed a brain worm
  1975 | Sewer    | Reached XP level 5. HP: 22/27 MP: 3/6
  1982 | Sewer    | Noticed a crocodile
  1995 | Sewer    | Killed a crocodile
  1996 | Sewer    | Reached XP level 6. HP: 32/32 MP: 7/7
  2090 | D:3      | Noticed Sigmund
  2131 | D:3      | Killed Sigmund
  2430 | D:4      | Found Zas Itix's Antique Armour Emporium.
  2446 | D:4      | Noticed a black bear
  2512 | D:4      | Killed a black bear
  2513 | D:4      | Reached XP level 7. HP: 36/36 MP: 8/8
  2790 | D:4      | HP: 1/36 [orc priest/divine providence (9)]
  2792 | D:4      | Killed from afar by an orc priest

Illustrated notes

Levels and vault maps discovered:
D:1:      mrwooster_arrival_arrow, layout_loops_corners, minmay_hedge_maze,
          minmay_statues_item
D:2:      layout_basic, grunt_ministairs_8, minmay_indecisive_spiral
D:3:      layout_basic, cheibrodos_sewer_entry_drain, uniq_sigmund
D:4:      layout_rooms, serial_shops, shop, st_stairs_3

Skill      XL: |  1  2  3  4  5  6  7 |
---------------+----------------------+-----
Fighting       | 2 3 |  3.6
Throwing       | 2 3 |  3.6
Stealth        | 1 2 3 4 |  4.8
Short Blades   | 3 4 |  4.3
Dodging        | 3 4 |  4.1

Action                     |  1- 3 |  4- 6 |  7- 9 || total
---------------------------+-------+-------+-------++-------
  Melee: Rapier            |   112 |    60 |    75 ||   247
         Bite              |    23 |    21 |    30 ||    74
  Throw: Throwing net      |       |     3 |       ||     3
    Use: Scroll            |     1 |       |       ||     1
   Stab: Sleeping          |     4 |     4 |       ||     8
         Held in net/web   |       |     1 |       ||     1
 Armour: Leather armour    |    82 |    38 |    61 ||   181
  Dodge: Dodged            |    78 |    30 |    57 ||   165

Table legend: (Time is in decaauts)
 A = Elapsed time spent in this place.
 B = Non-inter-level travel time spent in this place.
 C = Inter-level travel time spent in this place.
 D = Time resting spent in this place.
 E = Time spent auto-exploring this place.
 F = Levels seen in this place.
 G = Mean time per level.
                   A        B        C        D        E       F      G
               +--------+--------+--------+--------+--------+-----+--------+
         Total |   2803 |   2655 |    148 |     30 |   1853 |   5 |  560.6 |
       Dungeon |   2707 |   2559 |    148 |     30 |   1829 |   4 |  676.8 |
         Sewer |     95 |     95 |      0 |      0 |     24 |   1 |   95.0 |
               +--------+--------+--------+--------+--------+-----+--------+

Top non-repeatable levels by time:
     D:2: 981 daAuts
     D:1: 863 daAuts
     D:3: 501 daAuts
     D:4: 361 daAuts
   Sewer: 95 daAuts
